 Dungeon Crawl Stone Soup version 0.22.1-2-g9c5b331383 (webtiles) character file.

765 TheSledge the Skirmisher (level 7, -7/66 HPs)
             Began as a Minotaur Fighter on Nov 23, 2018.
             Mangled by an orc warrior
             ... wielding a +0 war axe
              (19 damage)
             ... on level 5 of the Dungeon.
             The game lasted 00:10:50 (3018 turns).

TheSledge the Skirmisher (Minotaur Fighter)         Turns: 3018, Time: 00:10:50

Health: -7/66      AC:  9    Str: 21    XL:     7   Next: 51%
Magic:  6/6        EV:  8    Int:  5    God:
Gold:   179        SH: 13    Dex: 11    Spells: 6/6 levels left

rFire    . . .     SeeInvis +   a - +0 flail
rCold    . . .     Gourm    .   c - +0 shield
rNeg     . . .     Faith    .   s - +3 ring mail {MR+}
rPois    .         Spirit   .   (helmet restricted)
rElec    .         Reflect  +   (no cloak)
rCorr    .         Harm     .   (no gloves)
MR       +....                  (no boots)
Stlth    +.........             n - +4 amulet of reflection
HPRegen  0.21/turn              l - ring of see invisible
MPRegen  0.10/turn              (no ring)

@: hasted, very quick
A: retaliatory headbutt, horns 2
a: no special abilities


You were on level 5 of the Dungeon.
You were not hungry.

You visited 1 branch of the dungeon, and saw 5 of its levels.

You collected 179 gold pieces.

Inventory:

Hand Weapons
 a - a +0 flail (weapon)
Armour
 c - a +0 shield (worn)
 s - a +3 ring mail of magic resistance (worn)
Jewellery
 l - a ring of see invisible (left hand)
 n - a +4 amulet of reflection (around neck)
Wands
 o - a wand of iceblast (17)
Scrolls
 e - 5 scrolls of identify
 j - 3 scrolls of teleportation
 r - a scroll of fog {unknown}
Potions
 b - a potion of mutation {unknown}
 g - 3 potions of curing
 h - a potion of agility
 m - a potion of resistance {unknown}
 p - a potion of might
 q - a potion of heal wounds
Comestibles
 f - 5 rations


   Skills:
 * Level 7.5 Fighting
 * Level 6.9 Maces & Flails
 + Level 4.5 Armour
 + Level 4.5 Shields


You had 6 spell levels left.
You didn't know any spells.
Your spell library contained the following spells:

 Spells                   Type           Power        Failure   Level  Hunger
 Magic Dart               Conj           #...         97%         1    ##.....
 Blink                    Tloc           N/A          99%         2    ###....
 Call Imp                 Summ           #.......     99%         2    ###....
 Slow                     Hex            #.......     99%         2    ###....
 Conjure Flame            Conj/Fire      #.......     100%        3    ####...
 Mephitic Cloud           Conj/Pois/Air  #.......     100%        3    ####...


Dungeon Overview and Level Annotations

Branches:
Dungeon (5/15)
 Temple: D:4-7

Altars:
Hepliaklqana
Yredelemnul


Innate Abilities, Weirdness & Mutations

You reflexively headbutt those who attack you in melee.
You have a pair of horns on your head.


Message History

The orc warrior is moderately wounded.
The orc warrior hits you with a war axe.
You block the scorpion's attack.
You hit the orc warrior but do no damage.
You headbutt the orc warrior.
The orc warrior is moderately wounded.
You block the orc warrior's attack.
The scorpion stings you but does no damage.
You hit the orc warrior but do no damage.
The orc warrior is moderately wounded.
You block the orc warrior's attack. The scorpion barely misses you.
You hit the orc warrior but do no damage.
The orc warrior is moderately wounded.
You block the scorpion's attack. The adder closely misses you.
The orc warrior hits you with a war axe!!
* * * LOW HITPOINT WARNING * * *
You feel yourself speed up. You block the adder's attack.
You block the scorpion's attack.
The orc warrior hits you with a war axe!!
You die...

........#.........
.....(..#............%...
.....(.#.................
.....(....#..............
....).<##.....##.........
.......##.....##.........
..(...####....##.........
......###...#............
(....###........@†....$.#
(##.#..........Sos.....##
..#.#.#.........5......#
.......................#
.#..#..#..............>.#
.#..........##..........#
.........................
.# #####.####..........#.
.# .. #...........


You could see an orc warrior, a scorpion, an adder and a shadow imp.

Vanquished Creatures
  Sigmund (D:3)
  A centaur (D:5)
  An ogre (D:4)
  A howler monkey (D:5)
  A bullfrog zombie (D:5)
  3 orc priests
  Ijyb (D:4)
  A worker ant (D:5)
  Natasha (twice) (D:3)
  7 adders
  An ooze (D:2)
  An adder skeleton (D:4)
  3 worms
  4 dart slugs
  A leopard gecko (D:2)
  9 orcs
  6 bats
  15 giant cockroaches
  5 goblins
  8 hobgoblins
  8 jackals
  3 quokkas
  2 ball pythons
  6 kobolds
  2 leopard gecko skeletons (D:4)
  4 rats
97 creatures vanquished.

Notes
Turn   | Place    | Note
-------+----------+-------------------------------------------
     0 | D:1      | TheSledge the Minotaur Fighter began the quest for the Orb.
     0 | D:1      | Reached XP level 1. HP: 19/19 MP: 0/0
    85 | D:1      | Reached skill level 4 in Fighting
    85 | D:1      | Reached XP level 2. HP: 26/27 MP: 1/1
   363 | D:1      | Reached XP level 3. HP: 34/34 MP: 2/2
  1097 | D:2      | Reached XP level 4. HP: 30/41 MP: 3/3
  1108 | D:2      | Reached skill level 5 in Fighting
  1484 | D:2      | Reached XP level 5. HP: 47/48 MP: 4/4
  1668 | D:2      | Found a basalt altar of Yredelemnul.
  1758 | D:3      | Noticed Sigmund
  1778 | D:3      | Killed Sigmund
  1778 | D:3      | Reached skill level 6 in Fighting
  1778 | D:3      | Reached skill level 5 in Maces & Flails
  1778 | D:3      | Reached XP level 6. HP: 47/58 MP: 5/5
  1809 | D:3      | Found a hazy altar of Hepliaklqana.
  2380 | D:3      | Noticed Natasha
  2394 | D:3      | Killed Natasha
  2504 | D:3      | Noticed Natasha
  2513 | D:3      | Killed Natasha
  2553 | D:4      | Noticed Ijyb
  2570 | D:4      | Killed Ijyb
  2786 | D:4      | Reached skill level 7 in Fighting
  2786 | D:4      | Reached XP level 7. HP: 53/66 MP: 6/6
  2946 | D:5      | Entered Level 5 of the Dungeon
  3018 | D:5      | Mangled by an orc warrior

Skill      XL: |  1  2  3  4  5  6 |
---------------+-------------------+-----
Fighting       | 4 5 6 7 |  7.5
Maces & Flails | 3 4 5 6 |  6.9
Armour         | 4 |  4.5
Shields        | 4 |  4.5

Action                   |  1- 3 |  4- 6 |  7- 9 || total
-------------------------+-------+-------+-------++-------
Melee: Flail             |    78 |   183 |    33 ||   294
       Headbutt          |    11 |    33 |     8 ||    52
  Use: Potion            |       |     3 |     1 ||     4
       Scroll            |       |     5 |       ||     5
  Eat: Chunk             |     1 |     5 |     1 ||     7
Armor: Scale mail        |     9 |       |       ||     9
       Ring mail         |    10 |     7 |     8 ||    25
       Chain mail        |       |    75 |       ||    75
Dodge: Dodged            |    29 |    34 |    12 ||    75
Block: Shield            |    39 |   124 |    35 ||   198
       Reflection        |       |       |     4 ||     4
